 Dungeon Crawl Stone Soup version 0.16-a0-1120-gd281f79 (webtiles) character file.

109 RobertPalmer the Cudgeler (level 4, 0/29 HPs)
             Began as an Octopode Gladiator on Oct 6, 2014.
             Was an Initiate of Ru.
             Killed from afar by an orc wizard (9 damage)
             ... with a puff of flame
             ... on level 3 of the Dungeon.
             The game lasted 00:05:02 (2655 turns).

RobertPalmer the Cudgeler (Octopode Gladiator)      Turns: 2655, Time: 00:05:02

Health: 0/29       AC:  2    Str: 14    XL:     4   Next: 90%
Magic:  4/4        EV: 13    Int: 11    God:    Ru [......]
Gold:   118        SH:  0    Dex: 12    Spells: 0 memorised, 3 levels left

rFire  . . .     SeeInvis .     a - +1 flail
rCold  . . .     Clarity  .     (no shield)
rNeg   . . .     SustAb   .     c - +1 hat
rPois  .         Gourm    .     (no amulet)
rElec  .         Spirit   .     (no ring)
rCorr  .         Warding  .     (no ring)
rMut   .         Stasis   .     (no ring)
MR     .....                    (no ring)
Stlth  ++........               (no ring)
                                (no ring)
                                (no ring)
                                (no ring)

@: confused, not resistant to hostile enchantments, unstealthy
A: almost no armour, amphibious, 8 rings, constrict 8, camouflage 1, gelatinous
body 1
a: Renounce Religion


You were on level 3 of the Dungeon.
You worshipped Ru.
Ru was noncommittal.
You were very hungry.

You visited 1 branch of the dungeon, and saw 3 of its levels.

You collected 118 gold pieces.


Innate Abilities, Weirdness & Mutations

You cannot wear most types of armour.
You are amphibious.
You can wear up to eight rings at the same time.
You can use your tentacles to constrict many enemies at once.
Your skin changes colour to match your surroundings (Stealth).
Your rubbery body absorbs attacks (AC +1).


   Skills:
 - Level 2.0 Fighting
 + Level 5.4 Maces & Flails
 - Level 2.0 Throwing
 - Level 3.0 Dodging


You had 3 spell levels left.
You didn't know any spells.

Inventory:

Hand weapons
 a - a +1 flail (weapon)
 b - a +1 dagger of venom
Missiles
 e - 3 javelins (quivered)
Armour
 c - a +1 hat (worn)
Comestibles
 f - 2 bread rations
 k - a meat ration
Scrolls
 g - a scroll of teleportation
Jewellery
 m - an uncursed ring of ice {unknown}

Dungeon Overview and Level Annotations

Branches:
Dungeon (3/15)

Altars:
Kikubaaqudgha
Ru

........(.....###
###########..#.........#
...#...#..#.>#.#######)#
.o...#.#..#..#.#(..#
##.#......#..#.#.#.#
#.#.#.##.#..#.#.#.#
#.#.#....#..#.#.#.#
#.#.######..#.#{#.#
#.#.........#.#@#.#
#.#########.#.###.###
#...................#
###########.#.....#.#
#.#######.# #.# #.# #.#
#.# #.#######.#
#.#.......#


There were no monsters in sight!


Message History

The orc wizard hits you with a dagger.
You barely miss the orc wizard. The orc wizard closely misses you.
Throwing (i - inventory. (,) - cycle):
d - 2 throwing nets (quivered)
Aim: an orc wizard, wielding a dagger and wearing a robe You throw a throwing net.
The throwing net closely misses the orc wizard.
The orc wizard casts a spell.
The orc wizard flickers and vanishes!
Throwing (i - inventory. (,) - cycle):
d - a throwing net (quivered)
You throw a throwing net.
There is a stone staircase leading up here.
Drink which item? (? for menu, Esc to quit)
Magic courses through your body.
It was a potion of magic.
Drink which item? (? for menu, Esc to quit)
You are confused.
It was a potion of confusion.
Something hits you.
You're too confused!
You barely miss something.
You hear some strange, mumbled words.
The magic dart hits you!
* * * LOW HITPOINT WARNING * * *
Something hits you.
* * * LOW HITPOINT WARNING * * *
You miss something. Something hits you.
* * * LOW HITPOINT WARNING * * *
You completely miss something.
You bump into the rock wall.
You hear some strange, mumbled words.
The puff of flame hits you!
You die...

Action                   |  1- 3 |  4- 6 || total
-------------------------+-------+-------++-------
Melee: Flail             |    63 |    29 ||    92
Throw: Throwing net      |       |     3 ||     3
  Use: Scroll            |     6 |       ||     6
       Potion            |     2 |     2 ||     4
 Stab: Sleeping          |     5 |     3 ||     8
       Distracted        |     1 |       ||     1
  Eat: Chunk             |     2 |     2 ||     4

Vault maps used:
D:1:      dpeg_arrival_rooms_with_view
D:2:      lemuel_round_altar, tgw_kikubaaqudgha, uniq_jessica
D:3:      first_bread

Notes
Turn   | Place    | Note
--------------------------------------------------------------
     0 | D:1      | RobertPalmer, the Octopode Gladiator, began the quest for the Orb.
     0 | D:1      | Reached XP level 1. HP: 14/14 MP: 1/1
   209 | D:1      | Reached XP level 2. HP: 17/19 MP: 2/2
  1136 | D:2      | Reached skill level 4 in Maces & Flails
  1238 | D:2      | Reached XP level 3. HP: 22/24 MP: 3/3
  1249 | D:2      | Found a sacrificial altar of Ru.
  1548 | D:2      | Noticed Jessica
  1565 | D:2      | Killed Jessica
  1565 | D:2      | Reached XP level 4. HP: 20/29 MP: 4/4
  1704 | D:2      | Found an ancient bone altar of Kikubaaqudgha.
  1705 | D:2      | Noticed a human
  1709 | D:2      | Killed a human
  1868 | D:2      | Reached skill level 5 in Maces & Flails
  2436 | D:2      | Became a worshipper of Ru the Awakened
  2655 | D:3      | Killed from afar by an orc wizard

Vanquished Creatures
  Jessica (D:2)
  4 adders (D:2)
  2 giant mites (D:2)
  2 ball pythons (D:2)
  5 bats
  2 giant cockroaches
  2 hobgoblins
  2 jackals (D:1)
  4 kobolds
  4 giant geckos
  3 giant newts
  4 goblins
  A quokka (D:2)
  8 rats
44 creatures vanquished.

Vanquished Creatures (others)
  A human (D:2)
1 creature vanquished.

Grand Total: 45 creatures vanquished
